 Dungeon Crawl Stone Soup version 0.21.1-1-g345015fe64 (webtiles) character file.

21596 AAA992 the Cleaver (level 12, -3/113 HPs)
             Began as a Hill Orc Berserker on July 4, 2018.
             Was a High Priest of Trog.
             Slain by a large abomination (26 damage)
             ... on level 1 of the Abyss.
             The game lasted 00:22:37 (17280 turns).

AAA992 the Cleaver (Hill Orc Berserker)            Turns: 17280, Time: 00:22:38

Health: -3/113     AC: 19    Str: 21    XL:     12   Next: 91%
Magic:  0/4        EV: 14    Int:  3    God:    Trog [*****.]
Gold:   797        SH:  0    Dex: 10    Spells: 11/11 levels left

rFire    . . .     SeeInvis .   M - +6 battleaxe (antimagic)
rCold    . . .     Gourm    .   (shield currently unavailable)
rNeg     . . .     Faith    .   m - +0 plate armour
rPois    .         Spirit   +   d - +0 helmet
rElec    .         Reflect  .   (no cloak)
rCorr    .         Harm     .   (no gloves)
MR       .....                  (no boots)
Stlth    ..........             E - amulet of guardian spirit
HPRegen  0.28/turn              v - +4 ring of evasion
MPRegen  0.09/turn              P - +3 ring of protection

@: no status effects
A: [dopey 2], [weak 2], [no potion heal 2]
a: Berserk, Trog's Hand, Brothers in Arms, Burn Spellbooks, Renounce Religion


You were on level 1 of the Abyss.
You worshipped Trog.
Trog was extremely pleased with you.
You were not hungry.

You visited 2 branches of the dungeon, and saw 14 of its levels.
You visited the Abyss 1 time.

You collected 797 gold pieces.

Inventory:

Hand Weapons
 u - a +2 dire flail of draining
 M - a +6 antimagic battleaxe (weapon)
Armour
 d - a +0 helmet (worn)
 m - a +0 plate armour (worn)
Jewellery
 i - an uncursed ring of see invisible
 q - an uncursed ring of protection from cold
 v - a +4 ring of evasion (left hand)
 E - an amulet of guardian spirit (around neck)
 F - an uncursed ring of resist corrosion
 P - a +3 ring of protection (right hand)
Wands
 k - a wand of iceblast (17)
 s - a wand of enslavement (5)
 A - a wand of clouds (6)
 N - a wand of disintegration (10)
 O - a wand of polymorph (12)
Scrolls
 a - 3 scrolls of amnesia {unknown}
 b - 4 scrolls of noise {unknown}
 e - 4 scrolls of fog {unknown}
 l - 2 scrolls of fear {unknown}
 r - a scroll of enchant armour {unknown}
 t - 2 scrolls of blinking {unknown}
 w - 2 scrolls of remove curse
 x - a scroll of immolation {unknown}
 y - 6 scrolls of teleportation
 C - a scroll of random uselessness {unknown}
 H - a scroll of summoning {unknown}
 I - 2 scrolls of holy word {unknown}
 K - 2 scrolls of magic mapping {unknown}
 L - 10 scrolls of identify
Potions
 f - 2 potions of cancellation
 g - 3 potions of agility
 h - 6 potions of curing
 j - 2 potions of ambrosia
 n - 2 potions of mutation
 o - a potion of heal wounds
 p - 3 potions of flight
 z - a potion of berserk rage
 B - a potion of haste {unknown}
 D - 2 potions of might {unknown}
 G - a potion of invisibility {unknown}
 J - a potion of magic {unknown}
Comestibles
 c - 24 rations


   Skills:
 + Level 12.8 Fighting
 + Level 13.9 Axes
 + Level 11.7 Armour
 + Level 9.1 Dodging


You had 11 spell levels left.
You didn't know any spells.

Dungeon Overview and Level Annotations

Branches:
Dungeon (10/15)            Temple (0/1) D:6            Lair (4/6) D:10
 Shoals (0/4) Lair:3       Spider (0/4) Lair:3          Orc (0/2) D:10

Altars:
Fedhas
Gozag
Nemelex Xobeh
Okawaru
Qazlal
Trog
Uskayaw
Xom

Shops:
D:5 }   D:10 ([

Annotations:
Lair:4 Sonja


Innate Abilities, Weirdness & Mutations

[You are very dopey. (Int -4)]
[You are very weak. (Str -4)]
[Potions are poor at restoring your health.]


Message History

You are too injured to fight recklessly!
You are too injured to fight recklessly!
You are too injured to fight recklessly!
You are too injured to fight recklessly!
You are too injured to fight recklessly!
Unknown command.
You hit the large abomination but do no damage.
The large abomination is almost destroyed.
The wretched star pulses with an eldritch light!
You feel weaker. x2
The large abomination hits you!
* * * LOW HITPOINT WARNING * * *
Unknown command.
You barely miss the large abomination.
The large abomination is almost destroyed.
The wretched star pulses with an eldritch light!
Your system partially rejects the healing effects of potions.
Your system mostly rejects the healing effects of potions.
The large abomination hits you!!
You die...

.... ...
###.. ## #≈.
# #...≈.# .#
#≈#≈..#.#
#..#X...# ..
#..@...##. #
##..#......
...
##......#...
. .
#..##...# .
. .##.# .#.#
#
....##.#..#
#.*... ##
..# ..##. #
.# # .# #...


You could see a wretched star and a large abomination.

Vanquished Creatures
  The ghost of AAA992 the Protected, a journeyman DDFi of Makhleb (Lair:2)
  The ghost of AAA992 the Cleaver, a journeyman HOFi of Hepliaklqana (D:8)
  3 hydras
  2 two-headed ogres (D:8)
  Pikel (D:8)
  An orc knight (D:10)
  An ugly thing (D:10)
  A manticore (Lair:3)
  Joseph (D:8)
  3 black mambas
  A centaur zombie (D:10)
  The ghost of GotenAND the Chopper, a novice MiFi of Cheibriados (D:6)
  A torpor snail (Lair:2)
  4 komodo dragons
  A jumping spider (Lair:3)
  A troll (D:10)
  Prince Ribbit (D:8)
  A hornet (D:10)
  8 blink frogs
  4 hippogriffs
  3 redbacks (Lair:3)
  4 wyverns
  7 yaks
  A basilisk (D:9)
  4 hogs (D:8)
  A human (D:8)
  6 water moccasins
  5 porcupines
  A hornet zombie (D:8)
  4 slaves (D:8)
  2 orc warriors
  An ice beast (D:10)
  An eye of draining (D:8)
  6 ogres
  A necrophage (D:7)
  3 phantoms
  5 crocodiles
  14 bullfrogs
  2 gnoll sergeants
  3 scorpions
  3 killer bees (D:10)
  3 wights (D:6)
  4 howler monkeys
  An electric eel (Lair:3)
  4 crimson imps
  A bullfrog zombie (D:9)
  A lava snake (Lair:3)
  A quasit (D:7)
  3 bullfrog skeletons
  5 hounds
  5 orc priests
  10 orc wizards
  A centaur skeleton (D:7)
  Natasha (thrice) (D:3 D:6)
  An iguana (D:9)
  6 worker ants
  A killer bee zombie (D:7)
  2 hound zombies
  2 hound skeletons
  Robin (D:2)
  13 gnolls
  A howler monkey skeleton (D:7)
  4 adders
  A shadow imp (D:4)
  A white imp (Abyss:1)
  An adder skeleton (D:5)
  4 worms
  4 dart slugs
  2 leopard geckos
  26 orcs
  A ball python (D:4)
  9 giant cockroaches
  17 goblins
  11 hobgoblins
  12 jackals
  10 kobolds
  A quokka (D:8)
  10 bats
  6 frilled lizards
  A giant cockroach zombie (D:5)
  A quokka skeleton (D:4)
  2 rats
  3 plants
311 creatures vanquished.

Vanquished Creatures (collateral kills)
  A jumping spider (Lair:3)
1 creature vanquished.

Vanquished Creatures (others)
  4 fungi
  3 plants
7 creatures vanquished.

Grand Total: 319 creatures vanquished

Notes
Turn   | Place    | Note
-------+----------+-------------------------------------------
     0 | D:1      | AAA992 the Hill Orc Berserker began the quest for the Orb.
     0 | D:1      | Reached XP level 1. HP: 19/19 MP: 1/1
   359 | D:1      | Reached XP level 2. HP: 27/27 MP: 2/2
   992 | D:1      | Reached XP level 3. HP: 27/33 MP: 3/3
  2487 | D:2      | Reached ** piety under Trog
  2569 | D:2      | Noticed Robin
  2574 | D:2      | Reached XP level 4. HP: 41/41 MP: 4/4
  2585 | D:2      | Killed Robin
  3066 | D:2      | Reached skill level 5 in Axes
  3116 | D:2      | Reached XP level 5. HP: 18/47 MP: 5/5
  3787 | D:3      | Noticed Natasha
  3798 | D:3      | Killed Natasha
  4002 | D:3      | Found a sparkling altar of Nemelex Xobeh.
  4265 | D:3      | Reached skill level 5 in Fighting
  4265 | D:3      | Reached XP level 6. HP: 56/56 MP: 6/6
  4579 | D:4      | Found a hide-covered altar of Uskayaw.
  4582 | D:4      | Found a blossoming altar of Fedhas.
  4764 | D:4      | Reached skill level 6 in Axes
  4768 | D:4      | Reached *** piety under Trog
  4960 | D:4      | Reached XP level 7. HP: 59/61 MP: 7/7
  5425 | D:5      | Entered Level 5 of the Dungeon
  5482 | D:5      | Reached skill level 5 in Armour
  5513 | D:5      | Found a stormy altar of Qazlal.
  5567 | D:5      | Found Iromusho's Gadget Shoppe.
  5914 | D:6      | Reached skill level 7 in Axes
  5914 | D:6      | Reached XP level 8. HP: 63/71 MP: 8/8
  5964 | D:6      | Noticed GotenAND's ghost (novice MiFi)
  5974 | D:6      | Killed GotenAND's ghost
  6149 | D:6      | Found an opulent altar of Gozag.
  6169 | D:6      | Noticed Natasha
  6173 | D:6      | Killed Natasha
  6225 | D:6      | Reached skill level 8 in Axes
  6285 | D:6      | Reached **** piety under Trog
  6370 | D:6      | Noticed Natasha
  6376 | D:6      | Killed Natasha
  6449 | D:6      | Found a staircase to the Ecumenical Temple.
  7602 | D:7      | Noticed a hippogriff
  7631 | D:7      | Killed a hippogriff
  7631 | D:7      | Reached XP level 9. HP: 48/80 MP: 9/9
  7816 | D:7      | Reached skill level 5 in Dodging
  7828 | D:7      | Found a shimmering altar of Xom.
  8378 | D:7      | Reached skill level 9 in Axes
  8488 | D:8      | Noticed Pikel
  8490 | D:8      | Noticed Joseph
  8499 | D:8      | Killed Pikel
  8738 | D:8      | Killed Joseph
  8738 | D:8      | Reached XP level 10. HP: 91/91 MP: 10/10
  8743 | D:8      | Noticed AAA992's ghost (journeyman HOFi)
  8896 | D:8      | Killed AAA992's ghost
  8896 | D:8      | Reached skill level 10 in Axes
  9102 | D:8      | Found a bloodstained altar of Trog.
  9104 | D:8      | Noticed Prince Ribbit
  9118 | D:8      | Killed Prince Ribbit
  9186 | D:8      | Reached ***** piety under Trog
  9578 | D:8      | Noticed a two-headed ogre
  9590 | D:8      | Killed a two-headed ogre
  9590 | D:8      | Reached skill level 10 in Fighting
  9784 | D:8      | Found an iron altar of Okawaru.
  9857 | D:8      | Noticed a two-headed ogre
  9862 | D:8      | Killed a two-headed ogre
  9862 | D:8      | Reached skill level 11 in Axes
 10015 | D:8      | Reached XP level 11. HP: 101/101 MP: 11/11
 10629 | D:9      | Received a gift from Trog
 11002 | D:10     | Entered Level 10 of the Dungeon
 11980 | D:10     | Found Yremanif's Weapon Shoppe.
 11981 | D:10     | Noticed an orc knight
 11981 | D:10     | Found a staircase to the Orcish Mines.
 11998 | D:10     | Killed an orc knight
 11998 | D:10     | Reached skill level 12 in Axes
 11998 | D:10     | Reached skill level 10 in Armour
 12004 | D:10     | Found Luec Bui's Armour Shoppe.
 12106 | D:10     | Found a staircase to the Lair.
 12148 | D:10     | Noticed a green ugly thing
 12149 | D:10     | Paralysed by a hornet for 1 turns
 12157 | D:10     | Killed a green ugly thing
 12506 | Lair:1   | Entered Level 1 of the Lair of Beasts
 12586 | Lair:1   | Noticed a six-headed hydra
 12595 | Lair:1   | Killed a six-headed hydra
 13542 | Lair:1   | Reached XP level 12. HP: 103/111 MP: 2/12
 13662 | Lair:1   | Received a gift from Trog
 14105 | Lair:2   | Reached skill level 13 in Axes
 14368 | Lair:2   | Noticed AAA992's ghost (journeyman DDFi)
 14384 | Lair:2   | Killed AAA992's ghost
 14813 | Lair:3   | Found a staircase to the Shoals.
 15078 | Lair:3   | Noticed a seven-headed hydra
 15085 | Lair:3   | Killed a seven-headed hydra
 15533 | Lair:3   | Found a hole to the Spider Nest.
 17001 | Lair:4   | Noticed Sonja
 17074 | Lair:4   | Noticed a five-headed hydra
 17079 | Lair:4   | Killed a five-headed hydra
 17123 | Lair:4   | Cast into level 1 of the Abyss (Sonja)
 17276 | Abyss:1  | Noticed a wretched star
 17280 | Abyss:1  | Slain by a large abomination

Skill      XL: |  1  2  3  4  5  6  7  8  9 10 11 12 |
---------------+-------------------------------------+-----
Fighting       | 4 5 6 7 9 10 11 12 | 12.8
Dodging        | 2 3 4 5 7 8 9 |  9.1
Armour         | 3 4 5 6 7 9 10 11 | 11.7
Axes           | 5 6 7 8 9 11 12 13 | 13.9

Action                   |  1- 3 |  4- 6 |  7- 9 | 10-12 || total
-------------------------+-------+-------+-------+-------++-------
Melee: Hand axe          |   132 |   148 |    89 |       ||   369
       War axe           |       |       |   153 |   158 ||   311
       Battleaxe         |       |       |       |   332 ||   332
       Dire flail        |       |       |       |    20 ||    20
Invok: Berserk           |     2 |     4 |     3 |    12 ||    21
       Trog's Hand       |       |     1 |       |       ||     1
       Burn Spellbooks   |       |       |     2 |     1 ||     3
       Brothers in Arms  |       |       |       |     1 ||     1
Evoke: Wand              |       |       |       |     1 ||     1
  Use: Scroll            |       |     5 |     3 |     8 ||    16
       Potion            |       |       |       |     2 ||     2
 Stab: Sleeping          |       |     1 |       |       ||     1
  Eat: Chunk             |     5 |    10 |     4 |    28 ||    47
       Ration            |       |     1 |     3 |     3 ||     7
Armor: Animal skin       |    27 |    23 |       |       ||    50
       Scale mail        |       |     5 |       |       ||     5
       Chain mail        |       |    26 |   116 |    58 ||   200
       Plate armour      |       |       |       |   199 ||   199
Dodge: Dodged            |    85 |    98 |   147 |   393 ||   723
